Map: Línea Aguablanca EE

Players

Ethan

  • Race: Protoss Protoss
  • Spawn Location: 7:00

HowDoIPlay

  • Race: Terran Terran
  • League: Bronze
  • Spawn Location: 6:00

JoeCool

  • Race: Zerg Zerg
  • Spawn Location: 7:00

TATORREA

  • Race: Protoss Protoss
  • League: Silver
  • Spawn Location: 1:00

MrFercho

  • Race: Zerg Zerg
  • League: Silver
  • Spawn Location: 1:00

tigro

  • Race: Terran Terran
  • League: Bronze
  • Spawn Location: 12:00

VOD

Have the link to the VOD?

Description

Time

  • Played on: June 18, 2020, 9:37 p.m.
  • Length: 20:34
Show
View Real Time Build Order
Export as new Build Order

Ethan Protoss 

Build Orders: Carriers 

Get SALT Encoding   

  12  0:15  Pylon  
  12  0:17  Probe  
  13  0:30  Probe  
  13  0:34  Gateway  
  14  0:42  Probe  
  15  0:54  Probe  
  16  1:05  Assimilator  
  16  1:06  Probe  
  16  1:09  Assimilator  
  17  1:18  Probe  
  17  1:21  Cybernetics Core  
  18  1:30  Probe  
  19  1:42  Probe  
  20  1:49  Adept  
  20  1:55  Probe  
  23  2:11  Pylon  
  23  2:22  Adept, Pylon  
  23  2:25  Pylon  
  23  2:29  Probe  
  26  2:41  Probe  
  27  2:48  Adept  
  27  2:53  Probe  
  30  3:09  Adept  
  30  3:10  Robotics Facility  
  32  3:27  Gateway  
  32  3:28  Warp Gate  
  32  3:39  Adept  
  34  4:10  Forge  
  34  4:21  Stalker  
  34  4:22  Stalker  
  38  4:47  Nexus  
  38  4:50  Pylon  
  38  4:51  Stalker, Immortal  
  38  4:52  Stalker, Pylon  
  42  5:39  Stalker  
  42  5:40  Stalker  
  46  5:50  Assimilator  
  46  5:52  Assimilator  
  40  6:06  Stalker  
  42  6:13  Probe  
  42  6:18  Protoss Ground Weapons Level 1  
  43  6:20  Immortal  
  47  6:26  Probe  
  47  6:29  Probe  
  49  6:36  Protoss Air Weapons Level 1  
  49  6:38  Probe  
  50  6:41  Probe  
  51  6:50  Probe  
  52  6:55  Stalker  
  52  6:57  Stalker  
  52  7:00  Probe  
  56  7:02  Probe  
  56  7:08  Probe  
  58  7:10  Probe  
  60  7:16  Probe  
  60  7:20  Probe  
  62  7:28  Probe  
  63  7:32  Probe  
  64  7:40  Probe  
  65  7:44  Probe, Stargate  
  65  7:46  Stalker, Stargate  
  65  7:48  Stalker  
  70  7:52  Probe  
  70  7:56  Pylon, Probe  
  72  8:00  Pylon  
  72  8:04  Probe  
  73  8:08  Probe  
  74  8:17  Probe  
  75  8:20  Probe  
  75  8:26  Protoss Ground Armor Level 1  
  76  8:30  Fleet Beacon  
  76  8:35  Void Ray  
  76  8:36  Void Ray  
  76  8:39  Stalker  
  86  8:41  Stalker  
  88  8:49  Pylon  
  88  8:52  Pylon  
  88  9:11  Nexus  
  88  9:13  Stalker  
  88  9:15  Stalker  
  92  9:25  Protoss Air Armor Level 1  
  92  9:35  Tempest  
  92  9:36  Tempest  
  102  9:40  Assimilator  
  102  9:43  Assimilator  
  102  9:51  Pylon  
  102  9:53  Pylon  
  102  9:55  Pylon  
  102  10:00  Stalker  
  102  10:01  Stalker  
  106  10:22  Probe  
  106  10:24  Probe  
  108  10:34  Probe  
  108  10:35  Protoss Shields Level 1  
  109  10:36  Probe  
  110  10:46  Probe  
  110  10:48  Probe, Stargate  
  112  10:50  Stargate  
  112  10:58  Probe  
  112  11:00  Probe  
  114  11:10  Probe  
  115  11:12  Probe  
  116  11:22  Mothership  
  116  11:23  Carrier x2  
  116  11:24  Probe  
  116  11:25  Carrier  
  125  11:37  Probe  
  144  11:46  Pylon  
  144  11:48  Pylon  
  144  11:49  Probe  
  145  11:54  Tempest  
  145  12:01  Probe  
  151  12:12  Pylon  
  151  12:13  Pylon  
  151  12:14  Pylon  
  151  12:27  Tempest  
  151  12:29  Tempest  
  161  13:10  Carrier  
  161  13:11  Carrier x2  
  161  13:12  Carrier  
  185  13:54  Pylon  
  185  13:57  Pylon  
  185  13:59  Pylon  
  159  14:40  Tempest x3  
  159  14:43  Tempest  
  167  15:22  Tempest  
  167  15:23  Tempest x2  
  167  15:26  Tempest  
  137  16:05  Tempest  
  142  16:17  Tempest x3  
  151  16:50  Carrier  
  151  16:51  Carrier  
  151  17:00  Carrier  
  163  17:39  Mothership  
  165  19:19  Carrier  
  165  19:20  Carrier x2  
  160  19:30  Carrier  
Show
View Real Time Build Order
Export as new Build Order

HowDoIPlay Terran 

Build Orders:  

Get SALT Encoding   

  12  0:10  Supply Depot  
  12  0:14  SCV  
  13  0:23  Refinery  
  13  0:38  Barracks  
  13  0:47  SCV  
  14  1:19  SCV, Refinery  
  15  1:31  Barracks Reactor  
  15  1:32  SCV  
  16  1:54  Barracks  
  16  2:08  Reaper x2  
  18  2:19  SCV  
  19  2:40  Reaper x2  
  19  2:42  Factory  
  19  2:43  Barracks Tech Lab  
  21  2:47  Reaper  
  22  3:15  SCV  
  23  3:20  Supply Depot  
  23  3:35  Armory  
  23  3:37  Factory Tech Lab  
  23  3:42  SCV  
  23  4:23  Armory  
  23  4:24  Barracks Tech Lab  
  23  4:25  Siege Tank  
  26  4:57  Siege Tank  
  28  5:29  Marauder  
  28  5:31  Marine  
  28  5:33  Orbital Command  
  31  5:42  Supply Depot  
  31  5:55  Marine  
  31  6:04  Marauder, Marine, Siege Tank  
  37  6:13  Marine  
  37  6:17  Terran Vehicle Weapons Level 1  
  38  6:18  Terran Vehicle And Ship Armor Level 1  
  38  6:27  SCV  
  38  6:32  Marauder  
  41  6:36  Siege Tank  
  46  7:08  Siege Tank  
  46  7:24  Command Center  
  46  7:46  Siege Tank  
  47  9:06  Factory  
  47  9:26  Factory  
  47  9:27  Terran Vehicle Weapons Level 2  
  47  9:28  Terran Vehicle And Ship Armor Level 2  
  47  9:40  Factory  
  47  10:14  Command Center  
  47  10:16  Factory Tech Lab  
  47  10:24  Factory Tech Lab  
  47  10:26  Command Center  
  47  10:37  SCV  
  48  10:45  Command Center  
  48  10:49  SCV  
  49  11:01  SCV  
  50  11:13  Refinery  
  50  11:14  SCV  
  50  11:16  Refinery  
  51  11:26  SCV  
  52  11:38  SCV  
  53  11:40  SCV  
  54  11:48  Refinery  
  54  11:50  SCV  
  54  11:52  SCV  
  51  12:02  SCV  
  51  12:05  SCV  
  53  12:14  SCV  
  50  12:25  SCV  
  50  12:26  Refinery  
  50  12:29  SCV  
  52  12:38  SCV  
  52  12:42  Siege Tank  
  51  12:50  SCV  
  52  13:00  Siege Tank  
  52  13:02  SCV  
  56  13:14  Siege Tank, SCV  
  56  13:19  Refinery  
  60  13:27  Terran Vehicle Weapons Level 3  
  60  13:28  Terran Vehicle And Ship Armor Level 3  
  60  13:32  Siege Tank  
  63  13:49  SCV  
  63  13:54  SCV  
  65  14:00  Siege Tank  
  65  14:01  SCV  
  69  14:05  Siege Tank  
  69  14:06  SCV  
  73  14:13  SCV  
  75  14:25  SCV  
  74  14:32  Siege Tank  
  74  14:37  Siege Tank  
  74  14:38  SCV  
  81  15:55  Refinery  
  81  15:59  Refinery  
  81  16:04  Refinery  
  81  16:28  SCV  
  82  16:35  SCV  
  83  16:40  SCV  
  84  16:54  Supply Depot  
  84  16:56  Supply Depot  
  84  17:00  Supply Depot  
  84  17:03  Supply Depot  
  84  17:09  Supply Depot  
  84  17:16  Siege Tank x2  
  84  17:17  Supply Depot  
  84  17:19  Supply Depot  
  84  17:23  Supply Depot  
  84  17:27  Supply Depot  
  84  17:32  Supply Depot  
  84  17:48  Siege Tank x2  
  90  18:20  Siege Tank x2  
  96  18:33  Factory  
  96  18:39  Factory  
  96  18:52  Siege Tank x2  
  96  19:24  Siege Tank  
  99  19:49  Siege Tank  
  102  19:56  Siege Tank  
Show
View Real Time Build Order
Export as new Build Order

JoeCool Zerg 

Build Orders: Hatch First, Swarm Host 

Get SALT Encoding   

  12  0:00  Drone  
  13  0:13  Overlord  
  13  0:18  Drone  
  14  0:46  Drone  
  15  0:57  Hatchery  
  14  1:04  Spawning Pool  
  14  1:08  Extractor  
  12  1:12  Drone  
  12  1:18  Drone  
  14  1:19  Drone  
  15  1:26  Drone  
  16  1:45  Extractor  
  16  1:51  Queen  
  16  1:53  Drone x2  
  20  1:56  Extractor  
  20  1:57  Zergling x2  
  20  2:10  Metabolic Boost  
  20  2:12  Drone  
  21  2:19  Zergling x4  
  21  2:22  Drone  
  24  2:30  Queen  
  24  2:33  Drone  
  24  2:36  Zergling x2  
  28  2:46  Overlord  
  28  3:04  Drone  
  28  3:05  Drone x2  
  31  3:06  Overlord  
  31  3:08  Zergling x6  
  31  3:12  Zergling x2  
  35  3:18  Drone  
  36  3:27  Zergling x2  
  36  3:28  Drone  
  36  3:30  Lair  
  35  3:45  Zergling x6  
  35  3:47  Drone  
  35  3:48  Drone x3  
  42  3:50  Extractor  
  42  3:51  Zergling x2  
  42  4:02  Zergling x2  
  43  4:03  Baneling Nest  
  42  4:17  Zergling x2  
  43  4:19  Overlord  
  43  4:37  Drone  
  39  4:53  Zergling x12  
  39  4:54  Zergling x2  
  39  4:55  Zergling x8  
  46  5:14  Zergling x2  
  45  5:22  Drone, Infestation Pit  
  45  5:23  Drone  
  45  5:37  Zergling x8  
  46  5:47  Extractor  
  38  5:53  Zergling x6  
  38  5:54  Zergling x2  
  38  5:55  Zergling x10  
  47  6:03  Swarm Host  
  50  6:09  Nydus Network  
  49  6:12  Hydralisk Den  
  49  6:13  Drone  
  49  6:32  Zergling x4  
  49  6:34  Overlord  
  44  6:48  Zergling x6, Swarm Host  
  44  6:52  Overlord  
  44  6:53  Overlord x2  
  50  6:57  Zergling x2  
  50  6:58  Zergling x2, Hydralisk x4  
  60  7:04  Evolution Chamber  
  59  7:12  Swarm Host  
  59  7:15  Zergling x2  
  63  7:18  Drone  
  64  7:31  Swarm Host x2  
  64  7:32  Swarm Host  
  73  7:54  Swarm Host, Hydralisk  
  73  7:56  Zergling x2  
  73  7:57  Zergling x10  
  84  8:03  Hatchery  
  83  8:16  Zergling x2, Overlord  
  83  8:18  Overlord x2  
  84  8:27  Overlord  
  84  8:28  Overlord x3  
  84  8:31  Nydus Canal  
  84  8:37  Drone  
  84  8:39  Drone x2  
  87  8:56  Swarm Host  
  87  8:57  Swarm Host x4  
  87  8:58  Hydralisk x4  
  110  9:16  Drone  
  111  9:19  Drone  
  111  9:20  Queen  
  114  9:27  Burrow  
  114  9:30  Swarm Host x4  
  126  9:33  Drone x3  
  129  9:49  Hatchery  
  129  9:52  Drone x2  
  130  9:55  Overlord x2  
  130  9:56  Overlord  
  130  10:10  Overlord  
  130  10:11  Overlord  
  130  10:19  Drone x3  
  133  10:22  Drone x5  
  133  10:23  Drone x2  
  140  10:39  Hydralisk x4  
  148  10:55  Drone x3  
  151  11:10  Evolution Chamber  
  150  11:13  Nydus Canal  
  150  11:17  Drone x2  
  152  11:20  Extractor  
  151  11:28  Drone  
  151  11:29  Drone x2  
  151  11:30  Drone  
  155  11:43  Hydralisk x2  
  155  11:44  Hydralisk  
  161  12:04  Drone x3  
  161  12:06  Hydralisk  
  161  12:07  Hydralisk  
  168  12:09  Zerg Missile Weapons Level 1  
  168  12:10  Zerg Ground Armor Level 1  
  167  12:27  Nydus Canal  
  164  13:06  Overlord x3  
  164  13:07  Overlord  
  163  13:48  Overlord x4  
  163  13:52  Queen  
  163  13:53  Drone x3  
  168  13:59  Nydus Canal  
  168  14:09  Extractor  
  159  14:24  Hatchery  
  146  14:43  Zergling x16  
  146  14:44  Zergling x2  
  127  15:23  Overseer x2  
  127  15:24  Overseer  
  127  15:30  Drone x2  
  127  15:31  Drone  
  130  15:36  Nydus Canal  
  130  15:37  Drone x16  
  130  15:40  Queen  
  130  15:42  Swarm Host x3  
  130  15:43  Swarm Host x2  
  145  16:04  Drone x13  
  145  16:09  Hatchery  
  144  16:15  Extractor  
  144  16:17  Extractor  
  142  16:20  Extractor, Hatchery  
  142  16:21  Extractor  
  139  16:46  Nydus Canal, Hydralisk  
  139  16:47  Hydralisk x6  
  141  16:48  Zerg Missile Weapons Level 2  
  141  16:49  Zerg Ground Armor Level 2  
  149  17:25  Overlord  
  149  17:26  Overlord x2  
  149  17:28  Overseer x2  
  149  17:35  Drone  
  148  17:38  Swarm Host  
  148  17:47  Hydralisk  
  136  18:00  Grooved Spines  
  136  18:03  Drone  
  136  18:04  Drone x4  
  133  18:06  Extractor, Drone x3  
  133  18:08  Extractor  
  134  18:16  Nydus Canal  
  134  18:20  Drone x3  
  134  18:21  Drone x2  
  116  19:02  Extractor  
  115  19:14  Nydus Canal  
  115  19:22  Drone x7  
  115  19:23  Hydralisk x6  
  123  19:25  Hydralisk  
  123  19:26  Hydralisk x8  
  145  20:07  Hydralisk  
  145  20:08  Hydralisk  
  145  20:09  Hydralisk x4  
  159  20:34  Nydus Canal  
Show
View Real Time Build Order
Export as new Build Order

TATORREA Protoss 

Build Orders:  

Get SALT Encoding   

  12  0:02  Probe  
  13  0:14  Probe  
  13  0:18  Pylon  
  14  0:26  Probe  
  15  0:38  Probe  
  16  0:43  Gateway  
  16  0:52  Probe  
  17  1:00  Probe  
  17  1:01  Assimilator  
  18  1:09  Probe  
  19  1:20  Probe  
  20  1:28  Probe  
  21  1:36  Probe  
  21  1:39  Cybernetics Core  
  22  1:47  Probe  
  22  1:53  Nexus  
  23  2:01  Pylon  
  23  2:05  Pylon  
  23  2:13  Assimilator  
  23  2:16  Probe  
  23  2:19  Pylon  
  24  2:24  Probe  
  24  2:27  Stalker  
  27  2:34  Probe  
  28  2:46  Probe  
  29  2:57  Warp Gate  
  29  2:58  Probe  
  29  2:59  Stalker  
  32  3:06  Probe  
  32  3:07  Probe  
  34  3:14  Probe  
  35  3:23  Robotics Facility  
  35  3:25  Gateway  
  35  3:26  Probe  
  35  3:28  Gateway  
  35  3:30  Probe  
  37  3:38  Probe  
  38  3:42  Probe  
  39  3:52  Probe  
  39  3:54  Probe  
  41  4:02  Assimilator  
  41  4:04  Assimilator, Probe  
  41  4:06  Probe  
  43  4:13  Immortal  
  47  4:25  Robotics Bay  
  47  4:33  Nexus  
  47  4:35  Pylon  
  47  4:37  Pylon, Probe x2  
  45  4:48  Stalker x2  
  45  4:49  Stalker, Probe x2  
  53  5:05  Immortal  
  53  5:12  Stalker x3  
  57  5:22  Probe x2  
  59  5:34  Probe x2  
  51  5:46  Probe x2  
  51  5:49  Stalker x3  
  58  5:58  Probe x2  
  60  6:10  Probe  
  61  6:13  Stalker x3  
  67  6:19  Extended Thermal Lance  
  67  6:23  Colossus  
  71  6:46  Stalker  
  71  6:47  Stalker x2, Gateway  
  71  6:50  Gateway  
  71  6:51  Gateway  
  73  6:55  Probe x3  
  76  7:02  Gateway, Assimilator  
  76  7:04  Gateway, Assimilator  
  76  7:06  Gateway  
  76  7:07  Probe x3  
  79  7:16  Colossus  
  79  7:20  Forge  
  85  7:22  Forge  
  85  7:24  Stalker, Forge  
  85  7:25  Stalker  
  85  7:27  Stalker  
  85  7:29  Probe  
  92  7:30  Probe  
  93  7:53  Pylon  
  93  7:55  Pylon  
  93  7:58  Pylon  
  93  8:02  Pylon, Probe  
  93  8:11  Probe x2  
  95  8:14  Probe  
  96  8:24  Probe x2  
  98  8:35  Stalker x4  
  98  8:36  Stalker  
  108  8:49  Pylon  
  108  8:53  Pylon  
  108  8:58  Pylon  
  108  9:02  Pylon  
  108  9:06  Nexus  
  108  9:08  Pylon  
  108  9:11  Pylon  
  108  9:26  Probe x3  
  111  9:36  Protoss Ground Armor Level 1, Protoss Ground Weapons Level 1, Protoss Shields Level 1  
  111  9:38  Probe x3  
  113  9:39  Stalker  
  113  9:40  Stalker x3  
  113  9:41  Stalker x5  
  132  9:50  Probe x3  
  132  9:51  Colossus  
  141  10:02  Probe  
  142  10:12  Nexus  
  142  10:15  Pylon  
  142  10:16  Pylon  
  142  10:23  Gateway  
  142  10:26  Gateway  
  142  10:27  Gateway  
  142  10:28  Gateway x2, Assimilator  
  142  10:32  Assimilator  
  142  10:33  Gateway  
  142  10:36  Gateway  
  142  10:45  Colossus  
  142  10:46  Stalker x3  
  142  10:47  Stalker x4  
  142  10:48  Stalker  
  142  10:49  Stalker  
  166  11:05  Probe x2  
  166  11:06  Probe x2  
  170  11:17  Probe  
  170  11:18  Probe  
  172  11:21  Pylon  
  172  11:24  Pylon  
  172  11:25  Pylon  
  172  11:32  Gateway x2  
  172  11:36  Gateway  
  172  11:37  Twilight Council  
  172  11:41  Stalker x2  
  172  11:42  Stalker x3  
  172  11:43  Stalker x2  
  172  11:44  Stalker x5  
  172  11:45  Stalker  
  197  12:10  Probe  
  197  12:12  Nexus  
  197  12:15  Stalker  
  192  13:40  Nexus  
  192  13:42  Probe x3  
  195  13:54  Probe  
  196  14:12  Probe x3  
  179  14:18  Pylon x2  
  132  14:24  Probe x2  
  87  14:35  Stalker x2  
  87  14:36  Stalker x6, Protoss Ground Armor Level 2, Protoss Ground Weapons Level 2, Protoss Shields Level 2  
  87  14:37  Stalker x3  
  87  14:38  Stalker x4  
  107  14:39  Stalker  
  113  14:51  Colossus  
  107  15:11  Stalker x4  
  107  15:12  Stalker x2  
  107  15:16  Gateway x2  
  107  15:18  Gateway  
  95  15:21  Gateway x2  
  95  15:24  Gateway  
  95  15:25  Gateway  
  95  15:28  Stalker x4, Templar Archives  
  97  15:29  Stalker x2  
  97  15:30  Stalker  
  97  15:31  Stalker  
  105  15:45  Colossus  
  93  16:15  Stalker  
  93  16:16  Stalker x3  
  93  16:17  Stalker x4  
  109  16:18  Stalker  
  99  16:44  Stalker x3  
  99  16:45  Stalker x3  
  99  16:46  Stalker  
  99  16:47  Stalker x4  
  115  16:48  Stalker  
  115  16:49  Stalker x2  
  99  17:35  Stalker x3  
  99  17:36  Stalker x3  
  99  17:37  Stalker x3  
  103  17:38  Stalker x2  
  103  17:39  Stalker x2  
  107  18:09  Stalker x2, Assimilator  
  107  18:10  Stalker x3  
  107  18:11  Stalker x4  
  107  18:12  Stalker x2  
  129  18:13  Stalker x3  
  129  18:14  Assimilator  
  84  19:12  Stalker x5  
  84  19:13  Stalker x2  
  84  19:14  Stalker  
  84  19:15  Stalker x4  
  84  19:16  Stalker  
  100  19:30  Nexus  
  100  19:35  Pylon  
  86  19:41  Pylon  
  77  19:49  Pylon  
  65  19:59  Stalker  
  50  20:00  Stalker  
  50  20:01  Stalker x4  
  50  20:02  Stalker x4  
  50  20:03  Stalker x3  
Show
View Real Time Build Order
Export as new Build Order

MrFercho Zerg 

Build Orders: Pool First, Lurkers 

Get SALT Encoding   

  12  0:01  Drone  
  13  0:16  Overlord  
  13  0:18  Drone  
  14  0:34  Drone x2  
  17  0:50  Drone x2  
  18  1:18  Spawning Pool  
  17  1:19  Extractor, Drone  
  17  1:21  Drone  
  17  1:22  Hatchery  
  17  1:24  Drone  
  18  1:34  Drone  
  19  1:49  Drone  
  19  1:54  Overlord  
  20  2:06  Queen  
  22  2:13  Drone  
  23  2:16  Drone  
  24  2:27  Drone  
  25  2:38  Drone x2  
  25  2:42  Queen  
  29  2:44  Drone  
  30  3:02  Zergling x2  
  30  3:03  Zergling x4, Spine Crawler  
  32  3:07  Spine Crawler  
  31  3:19  Lair  
  31  3:34  Evolution Chamber  
  31  3:36  Roach Warren  
  26  3:44  Drone x6  
  32  4:05  Zergling x2  
  32  4:06  Zergling x6  
  36  4:15  Zerg Missile Weapons Level 1  
  36  4:19  Overlord x2  
  36  4:20  Overlord x3  
  35  4:40  Roach  
  35  4:41  Roach x5  
  45  5:01  Roach x5  
  55  5:18  Roach x4  
  62  5:29  Spine Crawler  
  62  5:30  Spine Crawler  
  58  5:48  Roach x3  
  64  6:11  Extractor  
  63  6:13  Drone  
  63  6:14  Drone x7  
  71  6:27  Extractor  
  71  6:28  Extractor  
  69  6:58  Drone x3  
  69  6:59  Drone x3  
  69  7:01  Overlord x3  
  75  7:20  Zerg Missile Weapons Level 2  
  75  7:21  Hydralisk Den  
  74  7:26  Evolution Chamber  
  74  7:28  Drone x6  
  74  7:29  Drone  
  80  7:34  Metabolic Boost  
  80  7:45  Evolution Chamber  
  80  7:48  Spore Crawler  
  78  7:53  Lair  
  78  7:56  Drone  
  78  7:57  Drone x3  
  82  8:38  Hydralisk  
  82  8:39  Hydralisk x7  
  98  9:21  Overseer  
  98  9:24  Zerg Ground Armor Level 1  
  98  9:32  Overlord, Infestation Pit  
  98  9:33  Overlord x3  
  98  9:34  Overlord x4  
  97  9:50  Muscular Augments  
  98  9:52  Drone  
  98  9:53  Drone x3  
  98  9:59  Overseer  
  87  10:02  Overseer  
  85  10:33  Overseer  
  85  11:00  Hatchery  
  85  11:01  Grooved Spines  
  85  11:04  Extractor  
  83  11:06  Extractor  
  83  11:08  Hydralisk  
  83  11:09  Hydralisk x5  
  94  11:14  Hive  
  94  11:23  Overseer  
  82  12:19  Drone x11  
  82  12:20  Drone x4  
  97  13:09  Hatchery  
  96  13:13  Zerg Missile Weapons Level 3, Zerg Ground Armor Level 2  
  96  13:23  Lurker Den  
  95  13:44  Hydralisk x20  
  135  14:39  Lurker x10  
  135  14:41  Hydralisk x4  
  145  15:20  Hydralisk x6  
  118  15:40  Hydralisk  
  118  15:41  Hydralisk  
  111  15:59  Hydralisk x4  
  119  16:16  Hatchery  
  119  16:18  Hatchery x2  
  116  16:19  Queen  
  116  16:24  Spore Crawler  
  116  16:25  Spore Crawler  
  96  16:59  Hydralisk x4  
  96  17:00  Hydralisk x5  
  106  17:44  Hatchery  
  91  18:02  Hatchery  
  82  18:10  Hydralisk x12  
  80  18:41  Hydralisk x7  
  72  18:56  Hydralisk x3  
  78  19:21  Extractor  
  55  19:40  Hydralisk x17  
  55  19:41  Hydralisk  
  76  20:00  Extractor  
  76  20:05  Hydralisk  
  76  20:06  Hydralisk x17  
Show
View Real Time Build Order
Export as new Build Order

tigro Terran 

Build Orders:  

Get SALT Encoding   

  12  0:03  SCV  
  13  0:15  SCV  
  14  0:25  Supply Depot  
  14  0:27  SCV  
  15  0:45  Refinery  
  15  0:47  SCV  
  16  0:56  Barracks  
  16  1:02  SCV  
  17  1:11  Refinery  
  17  1:14  SCV  
  18  1:26  SCV  
  19  1:36  Supply Depot  
  19  1:38  SCV  
  20  1:43  Marine  
  21  1:50  SCV  
  22  1:58  Barracks  
  22  2:01  Marine  
  22  2:02  SCV  
  24  2:14  SCV  
  25  2:19  Marine  
  26  2:24  Engineering Bay  
  26  2:37  Marine  
  26  2:43  SCV  
  28  2:47  Factory  
  28  2:48  Barracks Reactor  
  28  2:55  Marine  
  29  3:11  Orbital Command  
  29  3:14  Terran Infantry Weapons Level 1  
  29  3:28  Barracks Tech Lab  
  29  3:33  Command Center  
  29  3:42  Factory Tech Lab  
  29  3:51  Marine x2  
  31  3:57  Combat Shield  
  28  4:09  Marine x2  
  22  4:26  Marine  
  22  4:27  Marine  
  20  4:44  Marine  
  10  4:55  Siege Tank  
  5  5:08  Terran Infantry Armor Level 1  
  4  5:26  SCV  
  5  5:57  SCV  
  6  6:09  SCV  
  7  6:26  SCV  
  8  6:38  SCV  
  9  6:51  SCV  
  10  6:58  Marine  
  10  6:59  Marine x2  
  13  7:02  Hi-Sec Auto Tracking  
  13  7:03  SCV  
  14  7:15  SCV  
  15  7:16  Marine  
  16  7:27  SCV  
  16  7:28  Stimpack  
  17  7:37  Marine  
  17  7:38  Marine  
  17  7:39  SCV  
  20  7:51  SCV  
  21  8:03  SCV  
  22  8:15  SCV  
  23  8:28  SCV  
  24  8:41  Siege Tank  
  27  8:44  Neosteel Armor  
  18  9:21  Command Center  
  5  11:08  SCV  
  6  11:37  SCV  
  7  12:10  Missile Turret  
  7  12:25  SCV  
  8  12:56  Missile Turret  
  8  13:01  Orbital Command  
  8  13:06  Marine x3  
  11  13:15  Missile Turret  
  11  13:24  Marine x3  
  14  13:28  SCV  
  15  13:40  SCV, Missile Turret  
  16  13:42  Marine x3, Siege Tank  
  22  13:52  SCV  
  23  13:59  Marine  
  23  14:00  Marine x2  
  23  14:01  Missile Turret  
  26  14:04  SCV  
  27  14:16  SCV  
  28  14:18  Marine  
  29  14:28  SCV  
  30  14:36  Starport  
  30  14:40  SCV  
  31  14:52  SCV  
  32  15:04  SCV  
  23  15:14  Marine x2  
  23  15:15  Marine  
  23  15:32  Marine x3  
  26  15:40  SCV  
  27  15:45  Medivac  
  29  15:53  SCV  
  30  16:05  SCV  
  31  16:12  Armory  
  31  16:17  SCV  
  30  16:29  SCV  
  27  16:35  Marine x2  
  27  16:36  Marine  
  28  16:46  Starport Tech Lab  
  28  16:53  Marine x3  
  31  17:07  Fusion Core  
  31  17:08  Medivac  
  33  17:11  Marine x3  
  36  17:18  Terran Infantry Weapons Level 2  
  36  17:29  Marine x3  
  39  17:46  Marine  
  39  17:47  Marine x2  
  42  18:05  Marine  
  43  18:25  Marine  
  43  18:26  Marine x2  
  46  18:43  Marine  
  46  18:48  Missile Turret  
  47  18:55  Marine  
  47  18:56  Marine  
  47  19:01  Marine  
  34  19:07  Missile Turret  
  21  19:26  Marine  
  21  19:27  Marine x2  
  16  19:44  Marine  
  16  19:45  Marine x2  
Tags
 
Add a new tag
Caveats
  • Supply blocks, unpowered buildings, or Contaminate may cause inaccurate times.
  • Supply counts are checked every 10 seconds.